Kraken vs Red Wings

Created - 21 octobre 2025 at 16:59

Goals
1 2 3 T
Kraken 2 1 7 10
Red Wings 2 2 1 5
Shots
1 2 3 T
Kraken 15 17 18 50
Red Wings 12 8 13 33

GoalsPenalties
1st period
1. Red Wings , Justin Holl 1 (Matias Maccelli 1, Jakob Chychrun 1) at 6:36
2. Kraken , Gabriel Landeskog 2 (Alex Pietrangelo 3, Calvin Pickard) at 12:02 (PP)
3. Red Wings , Brock McGinn 1 (David Pastrnak 6) at 14:29
4. Kraken , Patrik Laine 2 (Jack Roslovic 2, Jonathan Marchessault 4) at 15:25
Brett Leason (DET) for High sticking (Double Minor) at 1:27
Mason Lohrei (DET) for Roughing (Minor) at 11:10
2nd period
5. Red Wings , Mason Marchment 2 (Taylor Raddysh 2) at 7:28
6. Red Wings , Taylor Raddysh 3 (Mason Marchment 5, Kailer Yamamoto 2) at 8:41
7. Kraken , Jonathan Marchessault 2 (Patrik Laine 3, Alex Pietrangelo 4) at 16:39
Mathew Dumba (DET) for Cross-checking (Minor) at 2:50
Kevin Bahl (SEA) for Tripping (Minor) at 11:10
3rd period
8. Kraken , Jonathan Marchessault 3 (Jack Roslovic 3) at 0:54
9. Kraken , Noah Cates 3 (Pavel Buchnevich 5, Alex DeBrincat 3) at 1:14
10. Kraken , Kevin Bahl 1 (Patrik Laine 4, Alexandre Carrier 2) at 5:21
11. Kraken , Jack Roslovic 3 (Patrik Laine 5, Patrick Kane 3) at 6:16
12. Kraken , Pavel Buchnevich 4 (Alex DeBrincat 4, Noah Cates 7) at 6:28
13. Kraken , Patrick Kane 1 (Gabriel Landeskog 2, Cole Caufield 2) at 9:09
14. Red Wings , Fedor Svechkov 2 (David Pastrnak 7, Brock McGinn 1) at 18:36
15. Kraken , Pavel Buchnevich 5 (Cole Caufield 3, Alex Pietrangelo 5) at 19:56 (PP)
Brett Pesce (DET) for Hooking (Minor) at 19:22
Goalie Stats
Linus Ullmark (SEA), 16 saves from 17 shots - (0,941), W, 4-0-0, 31:19 minutes
Calvin Pickard (SEA), 12 saves from 16 shots - (0,750), 28:41 minutes
Joonas Korpisalo (DET), 40 saves from 50 shots - (0,800), L, 0-1-0, 60:00 minutes
3 StarsOfficial
1 - Jonathan Marchessault (SEA)
2 - Patrik Laine (SEA)
3 - Pavel Buchnevich (SEA)
Referees : Ryan Hersey and Dave Lewis
Linesman : Steven Berry and Greg Devorski
Game Note
Linus Ullmark enters game at 8:41 of 2nd period
Finance
Level 1 -- Attendance: 3484 (58,07%) -- Ticket Income $452,920
Level 2 -- Attendance: 3226 (64,52%) -- Ticket Income $274,210
Level 3 -- Attendance: 1347 (67,35%) -- Ticket Income $67,350
Level 4 -- Attendance: 3486 (87,15%) -- Ticket Income $87,150
Luxury Box -- Attendance: 629 (62,90%) -- Ticket Income $157,250
Game was played at the Octopus Arena.
Total Attendance: 12172 (67,62%)
Total Ticket Income: $1,038,880
Other Income: $509,051
Total Income: $1,547,931



Team Name Goals Shots Shots Attemp Shots Blocked PIM HIT PP PK FO%
Kraken 10509082272 / 5 (40%)076%
Red Wings 533701310230 / 1 (0%)224%

Kraken
Player Name POS G A P +/- PIM HIT SHT SB MP PP MP PP SHT PK MP PK SHT FO% FOT GA TA
000000000:000:0000:0000% 000
000000000:000:0000:0000% 000
Alex DeBrincatLW/RW0222014018:242:4900:000100% 200
Alex PietrangeloD0333011123:575:0611:2300% 001
Alexandre CarrierD011-1041019:081:4610:3600% 000
Brett HowdenC000-302218:280:5400:34050% 200
Cole CaufieldLW/RW0221051018:263:4210:000100% 100
David SavardD0003015223:575:0611:2300% 000
Egor ZamulaD0001011216:550:3200:0000% 000
Emil HeinemanLW/RW000-300217:170:0000:170100% 101
Gabriel LandeskogC/LW/RW1121045017:402:5010:00067% 1810
Gustav NyquistLW/RW000-4010010:040:5301:0000% 110
Jack RoslovicC/RW1233012013:460:0000:290100% 401
Jonathan MarchessaultC/LW/RW2133043013:170:0000:0000% 000
Kevin BahlD101-1213018:311:4600:0000% 000
Noah CatesC/LW/RW1122003020:003:3011:00081% 2700
Patrick KaneLW/RW1121013017:392:4900:0000% 001
Patrik LaineLW/RW1344005013:101:0300:0000% 110
Pavel BuchnevichLW/RW2132007019:493:4210:38080% 510
Wyatt KaiserD0001002117:320:3200:3600% 000
Red Wings
Player Name POS G A P +/- PIM HIT SHT SB MP PP MP PP SHT PK MP PK SHT FO% FOT GA TA
000000000:000:0000:0000% 000
Brett LeasonRW0000401017:090:0000:0000% 000
Brett PesceD000-3220021:561:0403:4500% 002
Brock McGinnLW/RW112100109:040:5003:14020% 500
Calvin de HaanD0000011116:230:0000:0000% 000
David PastrnakLW/RW022-2011022:090:5900:4400% 100
Dylan DeMeloD0000020321:390:5503:4800% 000
Fedor SvechkovC101100105:000:0000:00050% 200
Jakob ChychrunD011-3011020:190:5502:5200% 010
Justin HollRW/D1010042018:031:0403:1300% 000
Juuso ValimakiD000000000:230:0000:1300% 000
Kailer YamamotoC/LW/RW011-1023113:430:1301:00020% 510
Mason LohreiD000-2212319:190:0003:5700% 001
Mason MarchmentLW/RW112-1023119:580:5003:0810% 100
Mathew DumbaD0000220116:350:0000:1300% 001
Matias MaccelliC/LW/RW0110005014:220:1000:2400% 000
Nick BjugstadC/RW000-3000017:131:0600:00031% 2600
Nick PerbixD000200002:190:0000:0000% 000
Owen TippettLW/RW000-3056117:060:5900:0000% 310
Taylor RaddyshC/LW/RW112-1006219:520:5003:05121% 1910

Kraken

5 vs 5 Forward
Line #Left WingCenterRight WingPHYDFOFWanted %Time %Time Play
1Patrick KaneGabriel LandeskogCole Caufield0143129%14:51
2Alex DeBrincatNoah CatesPavel Buchnevich0143131%15:29
3Jonathan MarchessaultJack RoslovicPatrik Laine0232826%13:17
4Gustav NyquistBrett HowdenEmil Heineman1221014%7:00
5 vs 5 Defense
Line #DefenseDefensePHYDFOFWanted %Time %Time Play
1Alex PietrangeloDavid Savard1223535%17:28
2Kevin BahlAlexandre Carrier1223333%16:46
3Egor ZamulaWyatt Kaiser1223132%16:23
4Jonathan MarchessaultDavid Savard12210%0:00
Power Play Forward
Line #Left WingCenterRight WingPHYDFOFWanted %Time %Time Play
1Patrick KaneGabriel LandeskogAlex DeBrincat0055047%3:29
2Cole CaufieldNoah CatesPavel Buchnevich0055053%3:55
Power Play Defense
Line #DefenseDefensePHYDFOFWanted %Time %Time Play
1Alex PietrangeloDavid Savard0146069%5:06
2Kevin BahlAlexandre Carrier0144031%2:18
Penalty Kill 4 Players Forward
Line #CenterWingPHYDFOFWanted %Time %Time Play
1Noah CatesGustav Nyquist1316086%1:42
2Brett HowdenEmil Heineman1314014%0:17
Penalty Kill 4 Players Defense
Line #DefenseDefensePHYDFOFWanted %Time %Time Play
1Alex PietrangeloDavid Savard1406070%1:23
2Kevin BahlAlexandre Carrier1404030%0:36
Penalty Kill 3 Players
Line #WingPHYDFOFWanted %Time %Time PlayDefenseDefensePHYDFOFWanted %Time %Time Play
1Noah Cates140520%0:00 Alex PietrangeloDavid Savard140600%0:00
2Brett Howden140480%0:00 Kevin BahlAlexandre Carrier140400%0:00
4 vs 4 Forward
Line #CenterWingPHYDFOFWanted %Time %Time Play
1Pavel BuchnevichPatrick Kane023530%0:00
2Alex DeBrincatCole Caufield023470%0:00
4 vs 4 Defense
Line #DefensePHYDFOFWanted %Time %Time Play
1Alex PietrangeloDavid Savard122600%0:00
2Kevin BahlAlexandre Carrier122400%0:00
Last Minutes Offensive
Left WingCenterRight WingDefenseDefense
Patrick KaneGabriel LandeskogAlex DeBrincatAlex PietrangeloDavid Savard
Last Minutes Defensive
Left WingCenterRight WingDefenseDefense
Patrick KaneGabriel LandeskogAlex DeBrincatAlex PietrangeloDavid Savard
Time
Total ForwardTotal DefenseLast Minutes OffensiveLast Minutes Defensive
60:00 60:00 0:000:00
Extra Forwards
Normal PowerPlayPenalty Kill
Noah Cates, Patrik Laine, Jack RoslovicNoah Cates, Patrik LaineJack Roslovic
Extra Defensemen
Normal PowerPlayPenalty Kill
Alex Pietrangelo, Wyatt Kaiser, Kevin BahlDavid Savard, Wyatt KaiserKevin Bahl
Penalty Shots
Noah Cates, Patrick Kane, Alex DeBrincat, Cole Caufield, Pavel Buchnevich
Goalie
Calvin Pickard, Linus Ullmark
Custom OT Lines Forwards
Brett Howden, Patrick Kane, Alex DeBrincat, Cole Caufield, Pavel Buchnevich, Jonathan Marchessault, Noah Cates, Patrik Laine, Jack Roslovic, Gustav Nyquist
Custom OT Lines Defensemen
Alex Pietrangelo, David Savard, Kevin Bahl, Alexandre Carrier, Wyatt Kaiser
Scratches
Alex Turcotte (Healthy), Trent Frederic (Healthy), Cam Talbot (Healthy)

Red Wings

5 vs 5 Forward
Line #Left WingCenterRight WingPHYDFOFWanted %Time %Time Play
1David PastrnakNick BjugstadOwen Tippett0323934%17:17
2Brett LeasonTaylor RaddyshMason Marchment0413232%16:00
3Matias MaccelliKailer YamamotoJustin Holl1312424%12:20
4David PastrnakFedor SvechkovBrock McGinn131510%5:00
5 vs 5 Defense
Line #DefenseDefensePHYDFOFWanted %Time %Time Play
1Brett PesceJakob Chychrun2303433%16:32
2Mason LohreiDylan DeMelo0323330%15:23
3Calvin de HaanMathew Dumba0413332%16:23
4Nick PerbixDylan DeMelo12205%2:19
Power Play Forward
Line #Left WingCenterRight WingPHYDFOFWanted %Time %Time Play
1David PastrnakNick BjugstadOwen Tippett0056058%1:09
2Mason MarchmentTaylor RaddyshBrock McGinn0054042%0:50
Power Play Defense
Line #DefenseDefensePHYDFOFWanted %Time %Time Play
1Jakob ChychrunDylan DeMelo0145046%0:55
2Justin HollBrett Pesce0145054%1:04
Penalty Kill 4 Players Forward
Line #CenterWingPHYDFOFWanted %Time %Time Play
1Brock McGinnJustin Holl0505051%3:48
2Taylor RaddyshMason Marchment0505049%3:36
Penalty Kill 4 Players Defense
Line #DefenseDefensePHYDFOFWanted %Time %Time Play
1Jakob ChychrunDylan DeMelo1405042%3:05
2Mason LohreiBrett Pesce1405058%4:19
Penalty Kill 3 Players
Line #WingPHYDFOFWanted %Time %Time PlayDefenseDefensePHYDFOFWanted %Time %Time Play
1Nick Bjugstad050500%0:00 Dylan DeMeloJustin Holl140500%0:00
2Mason Marchment050500%0:00 Calvin de HaanBrett Pesce140500%0:00
4 vs 4 Forward
Line #CenterWingPHYDFOFWanted %Time %Time Play
1Taylor RaddyshOwen Tippett014500%0:00
2Nick BjugstadMason Marchment023500%0:00
4 vs 4 Defense
Line #DefensePHYDFOFWanted %Time %Time Play
1Brett PesceDylan DeMelo032500%0:00
2Jakob ChychrunJustin Holl032500%0:00
Last Minutes Offensive
Left WingCenterRight WingDefenseDefense
David PastrnakOwen TippettTaylor RaddyshJakob ChychrunDylan DeMelo
Last Minutes Defensive
Left WingCenterRight WingDefenseDefense
David PastrnakOwen TippettTaylor RaddyshJakob ChychrunDylan DeMelo
Time
Total ForwardTotal DefenseLast Minutes OffensiveLast Minutes Defensive
60:00 60:00 0:000:00
Extra Forwards
Normal PowerPlayPenalty Kill
Justin Holl, Mason Marchment, Nick BjugstadMason Marchment, Kailer YamamotoMason Marchment
Extra Defensemen
Normal PowerPlayPenalty Kill
Brett Pesce, Dylan DeMelo, Justin HollBrett Pesce, Brett PesceDylan DeMelo
Penalty Shots
Justin Holl, Owen Tippett, Mason Marchment, Nick Bjugstad, Kailer Yamamoto
Goalie
Joonas Korpisalo, Tristan Jarry
Custom OT Lines Forwards
Justin Holl, Owen Tippett, Nick Bjugstad, Mason Marchment, Taylor Raddysh, Brett Leason, Matias Maccelli, Kailer Yamamoto, Fedor Svechkov, Brock McGinn
Custom OT Lines Defensemen
Nick Perbix, Mathew Dumba, Jakob Chychrun, Brett Pesce, Dylan DeMelo
Scratches
None


Play-by-Play

1st period


0:01 of 1st period - Gabriel Landeskog wins face-off versus Owen Tippett in neutral zone.
0:09 of 1st period - Icing by Brett Pesce.
0:10 of 1st period - Gabriel Landeskog wins face-off versus Nick Bjugstad in Red Wings zone.
0:15 of 1st period - Snap shot by Gabriel Landeskog.
0:15 of 1st period - Shot Misses the Net.
0:27 of 1st period - Wrist shot by David Pastrnak.
0:27 of 1st period - Deflect By Owen Tippett.
0:27 of 1st period - Shot Blocked by David Savard.
0:27 of 1st period - Puck is out of play.
0:28 of 1st period - Noah Cates wins face-off versus Taylor Raddysh in Kraken zone.
0:50 of 1st period - Icing by Alexandre Carrier.
0:51 of 1st period - Jack Roslovic wins face-off versus Kailer Yamamoto in Kraken zone.
1:06 of 1st period - Slapshot by Patrik Laine.
1:06 of 1st period - Shot Misses the Net.
1:20 of 1st period - Slapshot by Alex DeBrincat.
1:20 of 1st period - Shot Blocked by Calvin de Haan.
1:22 of 1st period - Snap shot by Noah Cates.
1:22 of 1st period - Shot Blocked by Mathew Dumba.
1:24 of 1st period - Slapshot by Wyatt Kaiser.
1:24 of 1st period - Deflect By Justin Holl.
1:24 of 1st period - Stopped by Joonas Korpisalo without a rebound.
1:25 of 1st period - Taylor Raddysh wins face-off versus Brett Howden in Red Wings zone.
1:27 of 1st period - Double Minor Penalty to Brett Leason for High sticking.
1:28 of 1st period - Brock McGinn wins face-off versus Gabriel Landeskog in Red Wings zone.
1:36 of 1st period - Taylor Raddysh is hit by Gabriel Landeskog and loses puck.
1:55 of 1st period - Alex Pietrangelo is hit by Justin Holl and loses puck.
2:20 of 1st period - Brett Pesce is hit by Gabriel Landeskog and loses puck.
3:35 of 1st period - Brett Pesce is hit by Alexandre Carrier.
4:55 of 1st period - Brock McGinn is hit by Brett Howden and loses puck.
5:27 of 1st period - Penalty to Brett Leason is over, Brett Leason is back on ice.
5:37 of 1st period - Backhand shot by Justin Holl.
5:37 of 1st period - Shot Misses the Net.
5:39 of 1st period - Snap shot by Brett Leason.
5:39 of 1st period - Shot Blocked by Egor Zamula.
5:41 of 1st period - Snap shot by Justin Holl.
5:41 of 1st period - Stopped by Calvin Pickard with a rebound.
6:13 of 1st period - Calvin de Haan is hit by Gustav Nyquist and loses puck.
6:22 of 1st period - Wrist shot by Justin Holl.
6:22 of 1st period - Shot Misses the Net.
6:24 of 1st period - Slapshot by Brett Leason.
6:24 of 1st period - Stopped by Calvin Pickard with a rebound.
6:36 of 1st period - Wrist shot by Matias Maccelli.
6:36 of 1st period - Deflect By Justin Holl.
6:36 of 1st period - Goal by Justin Holl - Kraken : 0 - Red Wings : 1.
6:37 of 1st period - Nick Bjugstad wins face-off versus Gabriel Landeskog in neutral zone.
6:40 of 1st period - Cole Caufield is hit by Dylan DeMelo and loses puck.
6:48 of 1st period - Wrist shot by Gabriel Landeskog.
6:48 of 1st period - Stopped by Joonas Korpisalo with a rebound.
6:50 of 1st period - Slapshot by David Savard.
6:50 of 1st period - Stopped by Joonas Korpisalo with a rebound.
6:52 of 1st period - Backhand shot by Gabriel Landeskog.
6:52 of 1st period - Stopped by Joonas Korpisalo without a rebound.
6:53 of 1st period - Fedor Svechkov wins face-off versus Noah Cates in Red Wings zone.
7:04 of 1st period - Snap shot by Brock McGinn.
7:04 of 1st period - Shot Blocked by Alex Pietrangelo.
7:06 of 1st period - Slapshot by Brett Pesce.
7:06 of 1st period - Deflect By David Pastrnak.
7:06 of 1st period - Shot Misses the Net.
7:06 of 1st period - Puck is out of play.
7:07 of 1st period - Taylor Raddysh wins face-off versus Gabriel Landeskog in Kraken zone.
7:32 of 1st period - Gabriel Landeskog is hit by Dylan DeMelo and loses puck.
7:59 of 1st period - Slapshot by Alex DeBrincat.
7:59 of 1st period - Stopped by Joonas Korpisalo with a rebound.
8:19 of 1st period - Wrist shot by Taylor Raddysh.
8:19 of 1st period - Shot Misses the Net.
8:33 of 1st period - Mathew Dumba is hit by Brett Howden and loses puck.
8:40 of 1st period - Snap shot by Gustav Nyquist.
8:40 of 1st period - Deflect By Brett Howden.
8:40 of 1st period - Stopped by Joonas Korpisalo with a rebound.
8:46 of 1st period - Nick Bjugstad is hit by Alexandre Carrier and loses puck.
9:44 of 1st period - Slapshot by Wyatt Kaiser.
9:44 of 1st period - Shot Misses the Net.
9:46 of 1st period - Wrist shot by Egor Zamula.
9:46 of 1st period - Deflect By Patrik Laine.
9:46 of 1st period - Shot Blocked by Kailer Yamamoto.
9:46 of 1st period - Puck is out of play.
9:47 of 1st period - Pavel Buchnevich wins face-off versus Taylor Raddysh in Red Wings zone.
9:58 of 1st period - Wrist shot by Pavel Buchnevich.
9:58 of 1st period - Shot Blocked by Mason Marchment.
10:02 of 1st period - Snap shot by Alex DeBrincat.
10:02 of 1st period - Shot Blocked by Taylor Raddysh.
10:12 of 1st period - Gabriel Landeskog is hit by Owen Tippett and loses puck.
10:19 of 1st period - Snap shot by Owen Tippett.
10:19 of 1st period - Stopped by Calvin Pickard with a rebound.
10:21 of 1st period - Snap shot by Nick Bjugstad.
10:21 of 1st period - Shot Misses the Net.
10:23 of 1st period - Snap shot by Owen Tippett.
10:23 of 1st period - Stopped by Calvin Pickard with a rebound.
10:37 of 1st period - Snap shot by Patrik Laine.
10:37 of 1st period - Shot Misses the Net.
10:51 of 1st period - Slapshot by Brock McGinn.
10:51 of 1st period - Shot Misses the Net.
10:53 of 1st period - Snap shot by Mason Lohrei.
10:53 of 1st period - Stopped by Calvin Pickard with a rebound.
10:55 of 1st period - Wrist shot by Dylan DeMelo.
10:55 of 1st period - Shot Misses the Net.
10:57 of 1st period - Slapshot by Mason Lohrei.
10:57 of 1st period - Stopped by Calvin Pickard with a rebound.
11:10 of 1st period - Minor Penalty to Mason Lohrei for Roughing.
11:11 of 1st period - Noah Cates wins face-off versus Brock McGinn in Red Wings zone.
11:23 of 1st period - Slapshot by Pavel Buchnevich.
11:23 of 1st period - Deflect By Cole Caufield.
11:23 of 1st period - Stopped by Joonas Korpisalo with a rebound.
11:39 of 1st period - Snap shot by Taylor Raddysh.
11:39 of 1st period - Stopped by Calvin Pickard with a rebound.
11:41 of 1st period - Slapshot by Dylan DeMelo.
11:41 of 1st period - Shot Misses the Net.
11:43 of 1st period - Snap shot by Taylor Raddysh.
11:43 of 1st period - Deflect By Mason Marchment.
11:43 of 1st period - Stopped by Calvin Pickard with a rebound.
12:02 of 1st period - Snap shot by Gabriel Landeskog.
12:02 of 1st period - Goal by Gabriel Landeskog - Kraken : 1 - Red Wings : 1.
12:03 of 1st period - Taylor Raddysh wins face-off versus Gabriel Landeskog in neutral zone.
12:12 of 1st period - Snap shot by Taylor Raddysh.
12:12 of 1st period - Shot Blocked by Wyatt Kaiser.
12:14 of 1st period - Snap shot by Taylor Raddysh.
12:14 of 1st period - Shot Misses the Net.
12:52 of 1st period - Wyatt Kaiser is hit by Kailer Yamamoto and loses puck.
13:03 of 1st period - Kailer Yamamoto is hit by Jack Roslovic and loses puck.
13:26 of 1st period - Slapshot by Gustav Nyquist.
13:26 of 1st period - Shot Misses the Net.
14:00 of 1st period - Snap shot by Alex DeBrincat.
14:00 of 1st period - Stopped by Joonas Korpisalo without a rebound.
14:01 of 1st period - Noah Cates wins face-off versus Fedor Svechkov in Red Wings zone.
14:14 of 1st period - Wrist shot by Pavel Buchnevich.
14:14 of 1st period - Shot Misses the Net.
14:24 of 1st period - Alex Pietrangelo is hit by Calvin de Haan and loses puck.
14:29 of 1st period - Slapshot by Brock McGinn.
14:29 of 1st period - Goal by Brock McGinn - Kraken : 1 - Red Wings : 2.
14:30 of 1st period - Noah Cates wins face-off versus Taylor Raddysh in neutral zone.
15:23 of 1st period - Slapshot by Jack Roslovic.
15:23 of 1st period - Shot Misses the Net.
15:25 of 1st period - Snap shot by Patrik Laine.
15:25 of 1st period - Goal by Patrik Laine - Kraken : 2 - Red Wings : 2.
15:26 of 1st period - Noah Cates wins face-off versus Nick Bjugstad in neutral zone.
15:29 of 1st period - Snap shot by Alex DeBrincat.
15:29 of 1st period - Stopped by Joonas Korpisalo with a rebound.
15:32 of 1st period - Icing by Jakob Chychrun.
15:33 of 1st period - Noah Cates wins face-off versus Nick Bjugstad in Red Wings zone.
15:37 of 1st period - Icing by Jakob Chychrun.
15:38 of 1st period - Nick Bjugstad wins face-off versus Gabriel Landeskog in Red Wings zone.
15:46 of 1st period - Icing by Cole Caufield.
15:47 of 1st period - Gabriel Landeskog wins face-off versus Taylor Raddysh in Kraken zone.
16:02 of 1st period - Snap shot by Patrick Kane.
16:02 of 1st period - Shot Hit the Post.
16:06 of 1st period - Snap shot by Patrick Kane.
16:06 of 1st period - Stopped by Joonas Korpisalo with a rebound.
16:08 of 1st period - Slapshot by Egor Zamula.
16:08 of 1st period - Stopped by Joonas Korpisalo with a rebound.
16:14 of 1st period - Backhand shot by Gabriel Landeskog.
16:14 of 1st period - Shot Blocked by Taylor Raddysh.
16:16 of 1st period - Snap shot by Wyatt Kaiser.
16:16 of 1st period - Stopped by Joonas Korpisalo without a rebound.
16:17 of 1st period - Noah Cates wins face-off versus Nick Bjugstad in Red Wings zone.
16:30 of 1st period - Wrist shot by Pavel Buchnevich.
16:30 of 1st period - Shot Misses the Net.
16:50 of 1st period - Slapshot by Jack Roslovic.
16:50 of 1st period - Shot Misses the Net.
17:10 of 1st period - Jakob Chychrun is hit by Cole Caufield and loses puck.
17:49 of 1st period - Dylan DeMelo is hit by Jonathan Marchessault and loses puck.
18:04 of 1st period - Wrist shot by Kailer Yamamoto.
18:04 of 1st period - Stopped by Calvin Pickard with a rebound.
18:06 of 1st period - Snap shot by Matias Maccelli.
18:06 of 1st period - Deflect By Alexandre Carrier.
18:06 of 1st period - Stopped by Calvin Pickard with a rebound.
19:11 of 1st period - Wrist shot by Mason Marchment.
19:11 of 1st period - Shot Misses the Net.
19:20 of 1st period - Slapshot by Noah Cates.
19:20 of 1st period - Shot Misses the Net.
19:22 of 1st period - Slapshot by Alex DeBrincat.
19:22 of 1st period - Deflect By Noah Cates.
19:22 of 1st period - Stopped by Joonas Korpisalo with a rebound.
19:32 of 1st period - Patrik Laine is hit by Mathew Dumba and loses puck.
19:40 of 1st period - Icing by Alexandre Carrier.
19:41 of 1st period - Gabriel Landeskog wins face-off versus Nick Bjugstad in Kraken zone.
Goals for this period are 2 for Kraken vs 2 for Red Wings.
Shots for this period are 15 for Kraken vs 12 for Red Wings.

2nd period


0:01 of 2nd period - Noah Cates wins face-off versus Owen Tippett in neutral zone.
1:35 of 2nd period - Snap shot by Pavel Buchnevich.
1:35 of 2nd period - Shot Blocked by Mason Lohrei.
1:37 of 2nd period - Snap shot by Kevin Bahl.
1:37 of 2nd period - Stopped by Joonas Korpisalo with a rebound.
1:39 of 2nd period - Snap shot by Jack Roslovic.
1:39 of 2nd period - Stopped by Joonas Korpisalo with a rebound.
1:41 of 2nd period - Snap shot by Patrik Laine.
1:41 of 2nd period - Stopped by Joonas Korpisalo with a rebound.
1:43 of 2nd period - Snap shot by Jonathan Marchessault.
1:43 of 2nd period - Stopped by Joonas Korpisalo with a rebound.
1:45 of 2nd period - Snap shot by Patrik Laine.
1:45 of 2nd period - Stopped by Joonas Korpisalo without a rebound.
1:46 of 2nd period - Noah Cates wins face-off versus Taylor Raddysh in Red Wings zone.
2:11 of 2nd period - Egor Zamula is hit by Justin Holl and loses puck.
2:50 of 2nd period - Minor Penalty to Mathew Dumba for Cross-checking.
2:51 of 2nd period - Taylor Raddysh wins face-off versus Noah Cates in Red Wings zone.
2:59 of 2nd period - Off-side.
3:00 of 2nd period - Noah Cates wins face-off versus Taylor Raddysh in neutral zone.
3:26 of 2nd period - Slapshot by Pavel Buchnevich.
3:26 of 2nd period - Shot Misses the Net.
3:30 of 2nd period - Slapshot by Noah Cates.
3:30 of 2nd period - Stopped by Joonas Korpisalo with a rebound.
3:32 of 2nd period - Slapshot by Alex Pietrangelo.
3:32 of 2nd period - Deflect By Pavel Buchnevich.
3:32 of 2nd period - Shot Misses the Net.
3:32 of 2nd period - Puck is out of play.
3:33 of 2nd period - Gabriel Landeskog wins face-off versus Brock McGinn in Red Wings zone.
3:45 of 2nd period - Slapshot by Alexandre Carrier.
3:45 of 2nd period - Shot Misses the Net.
3:47 of 2nd period - Snap shot by Alexandre Carrier.
3:47 of 2nd period - Stopped by Joonas Korpisalo without a rebound.
3:48 of 2nd period - Pavel Buchnevich wins face-off versus Brock McGinn in Red Wings zone.
3:58 of 2nd period - Slapshot by David Savard.
3:58 of 2nd period - Stopped by Joonas Korpisalo with a rebound.
4:00 of 2nd period - Snap shot by Cole Caufield.
4:00 of 2nd period - Shot Misses the Net.
4:02 of 2nd period - Slapshot by Alex Pietrangelo.
4:02 of 2nd period - Stopped by Joonas Korpisalo without a rebound.
4:03 of 2nd period - Gabriel Landeskog wins face-off versus Taylor Raddysh in Red Wings zone.
4:50 of 2nd period - Penalty to Mathew Dumba is over, Mathew Dumba is back on ice.
5:12 of 2nd period - Mason Lohrei is hit by Jonathan Marchessault and loses puck.
6:01 of 2nd period - Wrist shot by Matias Maccelli.
6:01 of 2nd period - Shot Misses the Net.
7:26 of 2nd period - Snap shot by Taylor Raddysh.
7:26 of 2nd period - Stopped by Calvin Pickard with a rebound.
7:28 of 2nd period - Snap shot by Mason Marchment.
7:28 of 2nd period - Goal by Mason Marchment - Kraken : 2 - Red Wings : 3.
7:29 of 2nd period - Noah Cates wins face-off versus Mason Marchment in neutral zone.
7:36 of 2nd period - Wrist shot by Pavel Buchnevich.
7:36 of 2nd period - Shot Misses the Net.
7:54 of 2nd period - Cole Caufield is hit by Owen Tippett.
8:04 of 2nd period - Wrist shot by Gabriel Landeskog.
8:04 of 2nd period - Stopped by Joonas Korpisalo with a rebound.
8:16 of 2nd period - Snap shot by Kailer Yamamoto.
8:16 of 2nd period - Stopped by Calvin Pickard with a rebound.
8:22 of 2nd period - Justin Holl is hit by Kevin Bahl and loses puck.
8:41 of 2nd period - Snap shot by Taylor Raddysh.
8:41 of 2nd period - Goal by Taylor Raddysh - Kraken : 2 - Red Wings : 4.
8:41 of 2nd period - Linus Ullmark enters game.
8:42 of 2nd period - Noah Cates wins face-off versus Nick Bjugstad in neutral zone.
8:45 of 2nd period - Slapshot by David Savard.
8:45 of 2nd period - Stopped by Joonas Korpisalo without a rebound.
8:46 of 2nd period - Pavel Buchnevich wins face-off versus Nick Bjugstad in Red Wings zone.
8:49 of 2nd period - Backhand shot by Pavel Buchnevich.
8:49 of 2nd period - Stopped by Joonas Korpisalo with a rebound.
8:59 of 2nd period - Backhand shot by Jakob Chychrun.
8:59 of 2nd period - Stopped by Linus Ullmark with a rebound.
9:34 of 2nd period - Wrist shot by Gabriel Landeskog.
9:34 of 2nd period - Shot Blocked by Dylan DeMelo.
9:36 of 2nd period - Slapshot by David Savard.
9:36 of 2nd period - Stopped by Joonas Korpisalo without a rebound.
9:37 of 2nd period - Kailer Yamamoto wins face-off versus Patrik Laine in Red Wings zone.
9:37 of 2nd period - Kailer Yamamoto is hit by Jonathan Marchessault.
9:49 of 2nd period - Snap shot by Kailer Yamamoto.
9:49 of 2nd period - Stopped by Linus Ullmark without a rebound.
9:50 of 2nd period - Noah Cates wins face-off versus Nick Bjugstad in Kraken zone.
9:50 of 2nd period - Noah Cates is hit by Brett Pesce.
10:16 of 2nd period - Cole Caufield is hit by Jakob Chychrun.
10:44 of 2nd period - Snap shot by Patrick Kane.
10:44 of 2nd period - Shot Blocked by Mason Lohrei.
10:46 of 2nd period - Slapshot by Kevin Bahl.
10:46 of 2nd period - Stopped by Joonas Korpisalo with a rebound.
10:54 of 2nd period - Slapshot by Cole Caufield.
10:54 of 2nd period - Shot Blocked by Owen Tippett.
10:56 of 2nd period - Snap shot by Gabriel Landeskog.
10:56 of 2nd period - Shot Blocked by Dylan DeMelo.
10:58 of 2nd period - Wrist shot by Gabriel Landeskog.
10:58 of 2nd period - Stopped by Joonas Korpisalo with a rebound.
11:00 of 2nd period - Slapshot by Kevin Bahl.
11:00 of 2nd period - Shot Misses the Net.
11:10 of 2nd period - Minor Penalty to Kevin Bahl for Tripping.
11:11 of 2nd period - Noah Cates wins face-off versus Nick Bjugstad in Kraken zone.
13:10 of 2nd period - Penalty to Kevin Bahl is over, Kevin Bahl is back on ice.
13:34 of 2nd period - Calvin de Haan is hit by Cole Caufield.
13:40 of 2nd period - Gabriel Landeskog is hit by Justin Holl and loses puck.
13:51 of 2nd period - Dylan DeMelo is hit by Patrick Kane and loses puck.
14:02 of 2nd period - Kailer Yamamoto is hit by Cole Caufield and loses puck.
14:22 of 2nd period - Wrist shot by Matias Maccelli.
14:22 of 2nd period - Stopped by Linus Ullmark without a rebound.
14:23 of 2nd period - Noah Cates wins face-off versus Taylor Raddysh in Kraken zone.
14:48 of 2nd period - Wyatt Kaiser is hit by Owen Tippett and loses puck.
15:23 of 2nd period - David Savard is hit by Owen Tippett.
15:45 of 2nd period - Slapshot by Owen Tippett.
15:45 of 2nd period - Stopped by Linus Ullmark with a rebound.
15:47 of 2nd period - Slapshot by Calvin de Haan.
15:47 of 2nd period - Shot Misses the Net.
15:49 of 2nd period - Snap shot by Owen Tippett.
15:49 of 2nd period - Shot Misses the Net.
15:57 of 2nd period - Snap shot by Owen Tippett.
15:57 of 2nd period - Shot Blocked by David Savard.
15:59 of 2nd period - Slapshot by Owen Tippett.
15:59 of 2nd period - Shot Misses the Net.
16:39 of 2nd period - Snap shot by Patrik Laine.
16:39 of 2nd period - Deflect By Jonathan Marchessault.
16:39 of 2nd period - Goal by Jonathan Marchessault - Kraken : 3 - Red Wings : 4.
16:40 of 2nd period - Noah Cates wins face-off versus Taylor Raddysh in neutral zone.
18:25 of 2nd period - Wrist shot by Cole Caufield.
18:25 of 2nd period - Shot Misses the Net.
18:37 of 2nd period - Fedor Svechkov is hit by Alex DeBrincat and loses puck.
19:40 of 2nd period - David Savard is hit by David Pastrnak.
19:57 of 2nd period - Icing by Calvin de Haan.
19:58 of 2nd period - Alex DeBrincat wins face-off versus Taylor Raddysh in Red Wings zone.
19:59 of 2nd period - Wrist shot by Pavel Buchnevich.
19:59 of 2nd period - Stopped by Joonas Korpisalo with a rebound.
Goals for this period are 1 for Kraken vs 2 for Red Wings.
Shots for this period are 17 for Kraken vs 8 for Red Wings.

3rd period


0:01 of 3rd period - Pavel Buchnevich wins face-off versus Nick Bjugstad in neutral zone.
0:10 of 3rd period - Slapshot by Pavel Buchnevich.
0:10 of 3rd period - Stopped by Joonas Korpisalo with a rebound.
0:12 of 3rd period - Wrist shot by Pavel Buchnevich.
0:12 of 3rd period - Shot Misses the Net.
0:14 of 3rd period - Slapshot by David Savard.
0:14 of 3rd period - Deflect By Pavel Buchnevich.
0:14 of 3rd period - Shot Misses the Net.
0:14 of 3rd period - Puck is out of play.
0:15 of 3rd period - Jack Roslovic wins face-off versus Taylor Raddysh in Red Wings zone.
0:20 of 3rd period - Wrist shot by Jonathan Marchessault.
0:20 of 3rd period - Shot Blocked by Dylan DeMelo.
0:22 of 3rd period - Slapshot by David Savard.
0:22 of 3rd period - Deflect By Mason Lohrei.
0:22 of 3rd period - Stopped by Joonas Korpisalo without a rebound.
0:23 of 3rd period - Jack Roslovic wins face-off versus Taylor Raddysh in Red Wings zone.
0:54 of 3rd period - Wrist shot by Jonathan Marchessault.
0:54 of 3rd period - Goal by Jonathan Marchessault - Kraken : 4 - Red Wings : 4.
0:55 of 3rd period - Nick Bjugstad wins face-off versus Noah Cates in neutral zone.
1:00 of 3rd period - Wrist shot by Owen Tippett.
1:00 of 3rd period - Deflect By Noah Cates.
1:00 of 3rd period - Shot Misses the Net.
1:00 of 3rd period - Puck is out of play.
1:01 of 3rd period - Noah Cates wins face-off versus Owen Tippett in Kraken zone.
1:06 of 3rd period - Slapshot by Pavel Buchnevich.
1:06 of 3rd period - Stopped by Joonas Korpisalo with a rebound.
1:08 of 3rd period - Snap shot by Pavel Buchnevich.
1:08 of 3rd period - Shot Misses the Net.
1:10 of 3rd period - Wrist shot by Pavel Buchnevich.
1:10 of 3rd period - Stopped by Joonas Korpisalo with a rebound.
1:14 of 3rd period - Slapshot by Noah Cates.
1:14 of 3rd period - Goal by Noah Cates - Kraken : 5 - Red Wings : 4.
1:15 of 3rd period - Alex DeBrincat wins face-off versus Nick Bjugstad in neutral zone.
1:40 of 3rd period - Jakob Chychrun is hit by Gabriel Landeskog.
2:22 of 3rd period - Snap shot by David Pastrnak.
2:22 of 3rd period - Shot Misses the Net.
2:24 of 3rd period - Snap shot by Owen Tippett.
2:24 of 3rd period - Stopped by Linus Ullmark with a rebound.
2:26 of 3rd period - Slapshot by Brett Pesce.
2:26 of 3rd period - Deflect By David Pastrnak.
2:26 of 3rd period - Shot Misses the Net.
2:26 of 3rd period - Puck is out of play.
2:27 of 3rd period - Noah Cates wins face-off versus Nick Bjugstad in Kraken zone.
2:59 of 3rd period - Snap shot by Owen Tippett.
2:59 of 3rd period - Stopped by Linus Ullmark without a rebound.
3:00 of 3rd period - Noah Cates wins face-off versus Taylor Raddysh in Kraken zone.
3:05 of 3rd period - Taylor Raddysh is hit by Alexandre Carrier and loses puck.
3:26 of 3rd period - Brett Leason is hit by Jonathan Marchessault and loses puck.
3:57 of 3rd period - Snap shot by Brett Leason.
3:57 of 3rd period - Shot Misses the Net.
3:59 of 3rd period - Slapshot by Mason Marchment.
3:59 of 3rd period - Shot Blocked by Emil Heineman.
4:01 of 3rd period - Snap shot by Brett Leason.
4:01 of 3rd period - Shot Misses the Net.
4:03 of 3rd period - Snap shot by Mathew Dumba.
4:03 of 3rd period - Shot Misses the Net.
4:05 of 3rd period - Slapshot by Mathew Dumba.
4:05 of 3rd period - Deflect By Taylor Raddysh.
4:05 of 3rd period - Stopped by Linus Ullmark with a rebound.
4:07 of 3rd period - Slapshot by Mathew Dumba.
4:07 of 3rd period - Shot Hit the Post.
4:09 of 3rd period - Wrist shot by Mason Marchment.
4:09 of 3rd period - Stopped by Linus Ullmark with a rebound.
4:11 of 3rd period - Slapshot by Mathew Dumba.
4:11 of 3rd period - Shot Blocked by Brett Howden.
4:13 of 3rd period - Wrist shot by Brett Leason.
4:13 of 3rd period - Shot Misses the Net.
4:15 of 3rd period - Slapshot by Taylor Raddysh.
4:15 of 3rd period - Shot Blocked by Egor Zamula.
4:17 of 3rd period - Slapshot by Calvin de Haan.
4:17 of 3rd period - Stopped by Linus Ullmark with a rebound.
4:19 of 3rd period - Snap shot by Brett Leason.
4:19 of 3rd period - Shot Misses the Net.
4:23 of 3rd period - Snap shot by Mason Marchment.
4:23 of 3rd period - Shot Misses the Net.
4:25 of 3rd period - Wrist shot by Mason Marchment.
4:25 of 3rd period - Deflect By Taylor Raddysh.
4:25 of 3rd period - Stopped by Linus Ullmark without a rebound.
4:26 of 3rd period - Nick Bjugstad wins face-off versus Pavel Buchnevich in Kraken zone.
4:51 of 3rd period - Mason Lohrei is hit by Gabriel Landeskog.
5:19 of 3rd period - Wrist shot by Patrik Laine.
5:19 of 3rd period - Stopped by Joonas Korpisalo with a rebound.
5:21 of 3rd period - Wrist shot by Kevin Bahl.
5:21 of 3rd period - Goal by Kevin Bahl - Kraken : 6 - Red Wings : 4.
5:22 of 3rd period - Noah Cates wins face-off versus Nick Bjugstad in neutral zone.
5:48 of 3rd period - Mason Lohrei is hit by Alexandre Carrier and loses puck.
6:10 of 3rd period - Slapshot by Patrik Laine.
6:10 of 3rd period - Shot Misses the Net.
6:12 of 3rd period - Slapshot by Jack Roslovic.
6:12 of 3rd period - Shot Misses the Net.
6:14 of 3rd period - Snap shot by Patrik Laine.
6:14 of 3rd period - Stopped by Joonas Korpisalo with a rebound.
6:16 of 3rd period - Snap shot by Jack Roslovic.
6:16 of 3rd period - Goal by Jack Roslovic - Kraken : 7 - Red Wings : 4.
6:17 of 3rd period - Nick Bjugstad wins face-off versus Noah Cates in neutral zone.
6:28 of 3rd period - Wrist shot by Pavel Buchnevich.
6:28 of 3rd period - Goal by Pavel Buchnevich - Kraken : 8 - Red Wings : 4.
6:29 of 3rd period - Nick Bjugstad wins face-off versus Noah Cates in neutral zone.
6:34 of 3rd period - Snap shot by David Pastrnak.
6:34 of 3rd period - Shot Misses the Net.
6:54 of 3rd period - David Savard is hit by Mason Marchment and loses puck.
7:01 of 3rd period - Snap shot by Mason Marchment.
7:01 of 3rd period - Shot Misses the Net.
7:03 of 3rd period - Slapshot by Brett Pesce.
7:03 of 3rd period - Deflect By Taylor Raddysh.
7:03 of 3rd period - Stopped by Linus Ullmark with a rebound.
7:05 of 3rd period - Slapshot by Jakob Chychrun.
7:05 of 3rd period - Deflect By Taylor Raddysh.
7:05 of 3rd period - Shot Misses the Net.
7:05 of 3rd period - Puck is out of play.
7:06 of 3rd period - Noah Cates wins face-off versus Kailer Yamamoto in Kraken zone.
7:27 of 3rd period - Alex DeBrincat is hit by Kailer Yamamoto and loses puck.
7:40 of 3rd period - Mason Lohrei is hit by Cole Caufield and loses puck.
7:59 of 3rd period - David Savard is hit by Mason Lohrei and loses puck.
8:26 of 3rd period - Snap shot by Brett Howden.
8:26 of 3rd period - Stopped by Joonas Korpisalo without a rebound.
8:27 of 3rd period - Emil Heineman wins face-off versus Kailer Yamamoto in Red Wings zone.
8:28 of 3rd period - Wrist shot by Gustav Nyquist.
8:28 of 3rd period - Shot Misses the Net.
8:42 of 3rd period - Brett Howden is hit by Justin Holl and loses puck.
9:03 of 3rd period - Wrist shot by Emil Heineman.
9:03 of 3rd period - Stopped by Joonas Korpisalo with a rebound.
9:05 of 3rd period - Snap shot by Gustav Nyquist.
9:05 of 3rd period - Deflect By Brett Howden.
9:05 of 3rd period - Shot Misses the Net.
9:05 of 3rd period - Puck is out of play.
9:06 of 3rd period - Cole Caufield wins face-off versus Taylor Raddysh in Red Wings zone.
9:09 of 3rd period - Snap shot by Patrick Kane.
9:09 of 3rd period - Goal by Patrick Kane - Kraken : 9 - Red Wings : 4.
9:10 of 3rd period - Noah Cates wins face-off versus Nick Bjugstad in neutral zone.
9:56 of 3rd period - Snap shot by Emil Heineman.
9:56 of 3rd period - Stopped by Joonas Korpisalo without a rebound.
9:57 of 3rd period - Brett Howden wins face-off versus Nick Bjugstad in Red Wings zone.
10:00 of 3rd period - Snap shot by Gustav Nyquist.
10:00 of 3rd period - Deflect By Brett Howden.
10:00 of 3rd period - Shot Blocked by Mason Lohrei.
10:00 of 3rd period - Puck is out of play.
10:01 of 3rd period - Nick Bjugstad wins face-off versus Gustav Nyquist in Red Wings zone.
11:18 of 3rd period - Wrist shot by David Pastrnak.
11:18 of 3rd period - Stopped by Linus Ullmark with a rebound.
12:08 of 3rd period - Slapshot by Matias Maccelli.
12:08 of 3rd period - Shot Misses the Net.
12:10 of 3rd period - Slapshot by Matias Maccelli.
12:10 of 3rd period - Stopped by Linus Ullmark with a rebound.
12:12 of 3rd period - Snap shot by Kailer Yamamoto.
12:12 of 3rd period - Shot Misses the Net.
12:14 of 3rd period - Slapshot by Matias Maccelli.
12:14 of 3rd period - Stopped by Linus Ullmark without a rebound.
12:15 of 3rd period - Jack Roslovic wins face-off versus Taylor Raddysh in Kraken zone.
12:40 of 3rd period - Noah Cates is hit by Brett Pesce.
12:44 of 3rd period - Brett Pesce is hit by Egor Zamula and loses puck.
12:53 of 3rd period - Wrist shot by Matias Maccelli.
12:53 of 3rd period - Stopped by Linus Ullmark without a rebound.
12:54 of 3rd period - Nick Bjugstad wins face-off versus Gabriel Landeskog in Kraken zone.
12:59 of 3rd period - Snap shot by Owen Tippett.
12:59 of 3rd period - Stopped by Linus Ullmark without a rebound.
13:00 of 3rd period - Gabriel Landeskog wins face-off versus Nick Bjugstad in Kraken zone.
13:05 of 3rd period - Mason Lohrei is hit by Cole Caufield and loses puck.
13:34 of 3rd period - Jonathan Marchessault is hit by Mason Marchment.
15:32 of 3rd period - Noah Cates is hit by Mathew Dumba and loses puck.
15:45 of 3rd period - Wrist shot by Gabriel Landeskog.
15:45 of 3rd period - Shot Hit the Post.
15:47 of 3rd period - Snap shot by Patrick Kane.
15:47 of 3rd period - Stopped by Joonas Korpisalo without a rebound.
15:48 of 3rd period - Gabriel Landeskog wins face-off versus Kailer Yamamoto in Red Wings zone.
16:13 of 3rd period - Mason Marchment is hit by David Savard and loses puck.
16:49 of 3rd period - Pavel Buchnevich is hit by Owen Tippett and loses puck.
17:48 of 3rd period - Wrist shot by Pavel Buchnevich.
17:48 of 3rd period - Shot Misses the Net.
17:50 of 3rd period - Slapshot by Egor Zamula.
17:50 of 3rd period - Deflect By Alex DeBrincat.
17:50 of 3rd period - Stopped by Joonas Korpisalo without a rebound.
17:51 of 3rd period - Gabriel Landeskog wins face-off versus Nick Bjugstad in Red Wings zone.
18:36 of 3rd period - Snap shot by David Pastrnak.
18:36 of 3rd period - Deflect By Fedor Svechkov.
18:36 of 3rd period - Goal by Fedor Svechkov - Kraken : 9 - Red Wings : 5.
18:37 of 3rd period - Gabriel Landeskog wins face-off versus Nick Bjugstad in neutral zone.
19:03 of 3rd period - Jakob Chychrun is hit by Alex Pietrangelo and loses puck.
19:22 of 3rd period - Minor Penalty to Brett Pesce for Hooking.
19:23 of 3rd period - Gabriel Landeskog wins face-off versus Brock McGinn in Red Wings zone.
19:56 of 3rd period - Slapshot by Pavel Buchnevich.
19:56 of 3rd period - Goal by Pavel Buchnevich - Kraken : 10 - Red Wings : 5.
19:57 of 3rd period - Gabriel Landeskog wins face-off versus David Pastrnak in neutral zone.
Goals for this period are 7 for Kraken vs 1 for Red Wings.
Shots for this period are 18 for Kraken vs 13 for Red Wings.